 Dungeon Crawl Stone Soup version 0.27.1-37-g7b29ead8ac (webtiles) character file.

Game seed: 3351752747747591023

1 AleXD21137 the Grave Robber (level 1, -1/14 HPs)
             Began as a Ghoul Necromancer on Sept 15, 2023.
             Slain by a quokka (4 damage)
             ... on level 1 of the Dungeon.
             The game lasted 00:00:57 (265 turns).

AleXD21137 the Grave Robber (Ghoul Necromancer)      Turns: 265, Time: 00:00:57

Health: -1/14      AC:  2    Str: 11    XL:     1   Next: 20%
Magic:  2/2        EV: 12    Int: 10    God:
Gold:   0          SH:  0    Dex:  9    Spells: 2/3 levels left

rFire    . . .     SeeInvis .   (no weapon)
rCold    + . .     Faith    .   (no shield)
rNeg     + + +     Spirit   .   a - +0 robe
rPois    ∞         Reflect  .   (no helmet)
rElec    .         Harm     .   (no cloak)
rCorr    .         Rampage  .   (no gloves)
Will     .....                  (no boots)
Stlth    ++........             (no amulet)
HPRegen  0.00/turn              (no ring)
MPRegen  0.08/turn              (no ring)

@: inhibited regen
A: claws 1, cold resistance 1, negative energy resistance 3, inhibited
regeneration, torment resistance 2
a: no special abilities


You were on level 1 of the Dungeon.
You visited 1 branch of the dungeon, and saw 1 of its levels.

Inventory:

Armour
 a - a +0 robe (worn)
Scrolls
 b - a scroll of teleportation {unknown}
Potions
 c - a potion of berserk rage {unknown}


   Skills:
 + Level 1.7 Dodging
 + Level 2.1 Stealth
 + Level 1.7 Spellcasting
 + Level 4.0 Necromancy


You had 2 spell levels left.
You knew the following spells:

 Your Spells              Type           Power      Damage    Failure   Level
a - Pain                  Necr           36%        1d5       6%          1

Your spell library contained the following spells:

 Spells                   Type           Power      Damage    Failure   Level
 Animate Skeleton         Necr           18%        N/A       6%          1
 Vampiric Draining        Necr           4%         2d6       19%         3
 Animate Dead             Necr           4%         N/A       52%         4
 Agony                    Necr           9%         N/A       86%         5


Dungeon Overview and Level Annotations

Branches:
Dungeon (1/15)

Altars:

Shops:
D:1 [


Innate Abilities, Weirdness & Mutations

You thrive by killing the living.
You are immune to poison.
You have sharp fingernails.
Your flesh is cold resistant. (rC+)
You are immune to negative energy. (rN+++)
You do not regenerate when monsters are visible.
You are immune to unholy pain and torment.


Message History

The hobgoblin misses you.
You scratch the hobgoblin but do no damage.
The hobgoblin is severely wounded.
The hobgoblin barely misses you.
You scratch the hobgoblin.
The hobgoblin is almost dead.
The hobgoblin hits you.
You scratch the hobgoblin.
You kill the hobgoblin!
You feel better.
Found a bubbling green potion.
You see here a hobgoblin corpse.
c - a bubbling green potion HP restored.
Found Ubuttyihi's Armour Emporium.
Found an escape hatch in the floor.
You open the door.
A quokka comes into view.
There is an open door here.
The quokka closely misses you.
You barely miss the quokka. The quokka closely misses you.
You closely miss the quokka. The quokka barely misses you.
The quokka closely misses you.
You scratch the quokka but do no damage.
The quokka barely misses you.
You scratch the quokka but do no damage.
The quokka bites you.
You closely miss the quokka. The quokka bites you.
You closely miss the quokka.
The quokka bites you but does no damage.
You closely miss the quokka. The quokka closely misses you. x2
You barely miss the quokka. The quokka barely misses you.
You barely miss the quokka. The quokka bites you.
You closely miss the quokka. The quokka bites you.
You scratch the quokka but do no damage.
The quokka bites you.
* * * LOW HITPOINT WARNING * * *
You scratch the quokka.
The quokka is lightly wounded.
The quokka barely misses you. The quokka bites you.
You die...

### ##.##..###
......8r.#####
.......@.'...#
....8.∩>8.##.###
##.....#####...#
####.8 ###.# #..
#.# ### #.# #.#
#.# ### #.#


You could see a quokka.

Vanquished Creatures
  A hobgoblin (D:1)
1 creature vanquished.

Notes
Turn   | Place    | Note
-------+----------+-------------------------------------------
     0 | D:1      | AleXD21137 the Ghoul Necromancer began the quest for the
                  | Orb.
     0 | D:1      | Reached XP level 1. HP: 14/14 MP: 2/2
   247 | D:1      | Found Ubuttyihi's Armour Emporium.
   265 | D:1      | Slain by a quokka

Illustrated notes

Levels and vault maps discovered:
D:1:      heliophobic_arrival_enchanted_forest, layout_basic, serial_shops,
          nicolae_shop_trees, nicolae_shop_waterfront,
          nicolae_shop_competitors_out_of_business, nicolae_shop_statue_plus,
          nicolae_shop_waterfront

Action                   || total
-------------------------++-------
Melee: Unarmed           ||    20
Armor: Robe              ||     2
Dodge: Dodged            ||    15
